 Dungeon Crawl Stone Soup version 0.25.0-9-g26727b657a (webtiles) character file.

Game seed: 16129118963962645265

173 Esekla the Slasher (level 5, -2/29 HPs)
             Began as a Deep Elf Warper on June 20, 2020.
             Slain by a hound (4 damage)
             ... on level 4 of the Dungeon.
             The game lasted 00:16:46 (3031 turns).

Esekla the Slasher (Deep Elf Warper)                Turns: 3031, Time: 00:16:46

Health: -2/29      AC:  3    Str:  8    XL:     5   Next: 28%
Magic:  8/12       EV: 13    Int: 18    God:
Gold:   236        SH:  0    Dex: 15    Spells: 6/10 levels left

rFire    + . .     SeeInvis .   a - +0 falchion
rCold    . . .     Gourm    .   (no shield)
rNeg     . . .     Faith    .   b - +0 leather armour
rPois    .         Spirit   .   (no helmet)
rElec    .         Reflect  .   (no cloak)
rCorr    .         Harm     .   (no gloves)
MR       .....                  (no boots)
Stlth    +.........             (no amulet)
HPRegen  0.09/turn              r - ring of protection from fire
MPRegen  0.13/turn              (no ring)

@: mighty, very slightly contaminated
A: no striking features
a: no special abilities


You were on level 4 of the Dungeon.
You were very hungry.

You visited 1 branch of the dungeon, and saw 4 of its levels.

You collected 236 gold pieces.

Inventory:

Hand Weapons
 a - a +0 falchion (weapon)
 h - a +0 short sword
Missiles
 c - 4 boomerangs
 e - 5 boomerangs of dispersal
 s - 9 poisoned darts (quivered)
Armour
 b - a +0 leather armour (worn)
 i - a +0 buckler of protection
Jewellery
 r - a ring of protection from fire (left hand)
Scrolls
 g - 10 scrolls of identify {unknown}
 n - 3 scrolls of teleportation {unknown}
 q - a scroll of random uselessness {unknown}
 t - a scroll of noise {unknown}
 u - 2 scrolls of remove curse {unknown}
 w - a scroll of magic mapping {unknown}
Potions
 j - a potion of might
 k - a potion of mutation {unknown}
 l - a potion of stabbing {unknown}
 m - a potion of curing
 o - a potion of brilliance {unknown}
 p - a potion of berserk rage {unknown}
Comestibles
 f - 7 rations


   Skills:
 - Level 1.5 Fighting
 * Level 3.8 Long Blades
 + Level 1.4 Throwing
 - Level 0.7 Armour
 * Level 3.5 Dodging
 + Level 0.8 Stealth
 + Level 3.4 Spellcasting
 * Level 2.0 Charms
 + Level 3.5 Translocations


You had 6 spell levels left.
You knew the following spells:

 Your Spells              Type           Power        Failure   Level  Hunger
a - Shroud of Golubria    Chrm/Tloc      ##....       11%         2    ##.....
b - Blink                 Tloc           N/A          8%          2    ##.....

Your spell library contained the following spells:

 Spells                   Type           Power        Failure   Level  Hunger
 Gell's Gravitas          Tloc           ###.......   16%         3    ###....
 Lesser Beckoning         Tloc           ###.......   16%         3    ###....
 Teleport Other           Tloc           ###.....     16%         3    ###....
 Passage of Golubria      Tloc           N/A          45%         4    ####...


Dungeon Overview and Level Annotations

Branches:
Dungeon (4/15)
 Temple: D:4-7

Altars:
Dithmenos
Elyvilon
Nemelex Xobeh


Message History

The hound is heavily wounded.
You hit the hound but do no damage.
The hound is heavily wounded.
The hound closely misses you.
You closely miss the hound.
The hound is heavily wounded.
The hound bites you but does no damage. The hound bites you.
* * * LOW HITPOINT WARNING * * *
Your shroud falls apart!
You hit the hound.
The hound is almost dead.
The hound bites you.
* * * LOW HITPOINT WARNING * * *
The hound bites you.
* * * LOW HITPOINT WARNING * * *
It was a potion of might.
You feel very mighty all of a sudden.
The hound pauses to sniff the ground.
The hound bites you.
You die...

###........#....###
#..........#.....#####..
##...####..........o.... ###..#
#.#.......o...##
##.####...........##
####...##o..##......#
#......{oo..####.#..# .
###########....##h###†######.##..
#......##.......@###...o.oo.....#
.................†.#...#o.......#
....#.##..............#.........#
......#.....##.......###.........
⌠.⌠.#.#..#.####......# #.........
......#####.. #...#...##.?.......
....#.# ......##..............
._...[# #..............###....
....#.### ..... ## ..S.## ....


You could see a hound and 3 orcs.

Vanquished Creatures
  A hound (D:4)
  7 adders
  An ooze (D:4)
  A worm (D:2)
  A dart slug (D:4)
  3 leopard geckos
  2 orcs
  11 bats
  6 giant cockroaches
  4 goblins (D:1)
  4 hobgoblins
  5 jackals (D:1)
  A quokka (D:2)
  6 frilled lizards
  6 kobolds
  9 rats
68 creatures vanquished.

Notes
Turn   | Place    | Note
-------+----------+-------------------------------------------
     0 | D:1      | Esekla the Deep Elf Warper began the quest for the Orb.
     0 | D:1      | Reached XP level 1. HP: 12/12 MP: 6/6
   143 | D:1      | Reached XP level 2. HP: 16/16 MP: 8/8
   315 | D:1      | Learned a level 2 spell: Shroud of Golubria
   318 | D:1      | Learned a level 2 spell: Blink
   760 | D:1      | Reached XP level 3. HP: 16/20 MP: 7/9
  1419 | D:2      | Reached skill level 1 in Charms
  1441 | D:2      | Found a shadowy altar of Dithmenos.
  1741 | D:2      | Reached XP level 4. HP: 24/25 MP: 7/10
  2891 | D:4      | Found a white marble altar of Elyvilon.
  2955 | D:4      | Found a sparkling altar of Nemelex Xobeh.
  2994 | D:4      | Reached XP level 5. HP: 13/29 MP: 9/12
  3031 | D:4      | Slain by a hound

Illustrated notes

Levels and vault maps discovered:
D:1:      psy_arrival_spokes, layout_basic
D:2:      layout_loops_ring, lightli_temple_of_fire,
          nicolae_dithmenos_shadow_blocks
D:3:      layout_rooms
D:4:      layout_cave_pools, grunt_temple_overflow_open, elyvilon_altar_5,
          nemelex_dance_club_becter

Skill      XL: |  1  2  3  4 |
---------------+-------------+-----
Long Blades    | 2 3 |  3.8
Charms         | 1 2 |  2.0
Dodging        | 3 |  3.5
Fighting       | |  1.5
Throwing       | |  1.4
Armour         | |  0.7
Stealth        | |  0.8
Spellcasting   | |  3.4
Translocations | |  3.5

Action                   |  1- 3 |  4- 6 || total
-------------------------+-------+-------++-------
Melee: Falchion          |   145 |   127 ||   272
Throw: Boomerang         |    12 |       ||    12
       Dart              |     2 |     8 ||    10
 Cast: Shroud of Golubri |    10 |    13 ||    23
  Use: Scroll            |       |     1 ||     1
       Potion            |       |     3 ||     3
 Stab: Sleeping          |     3 |       ||     3
  Eat: Chunk             |     3 |     4 ||     7
Armor: Leather armour    |    63 |    27 ||    90
Dodge: Dodged            |   148 |    94 ||   242
       Rpst.: Falchion   |    51 |    32 ||    83
